 Dungeon Crawl Stone Soup version 0.31.0-32-g396128a36d (webtiles) character file.

Game seed: 2958977481318422927

155 Doomgape the Sneak (level 5, -7/30 HPs)
             Began as a Kobold Brigand on Mar 9, 2024.
             Mangled by a gnoll
             ... wielding a +0 flail
              (9 damage)
             ... on level 1 of the Dungeon.
             The game lasted 00:04:44 (1819 turns).

Doomgape the Sneak (Kobold Brigand)                 Turns: 1819, Time: 00:04:45

Health: -7/30      AC:  3    Str:  5 (8)  XL:     5   Next: 63%
Magic:  5/5        EV: 15    Int: 10 (13) God:
Gold:   80         SH:  0    Dex: 15 (18) Spells: 4/4 levels left

rFire   . . .        a - +2 dagger
rCold   . . .        (no shield)
rNeg    . . .        b - +0 robe
rPois   .            (no helmet)
rElec   .            c - +0 cloak
rCorr   .            (no gloves)
SInv    .            (no boots)
Will    .....        (no amulet)
Stlth   ++++         (no ring)
HPRegen 0.25/turn    (no ring)
MPRegen 0.09/turn

%: no passive effects
@: no status effects
A: small, no large weapons, nightstalker 3
a: no special abilities


You were on level 1 of the Dungeon.
You visited 1 branch of the dungeon, and saw 2 of its levels.

You collected 80 gold pieces.

Inventory:

Hand Weapons
 a - a +2 dagger (weapon)
Missiles
 d - 9 poisoned darts (quivered)
 e - 3 curare-tipped darts
Armour
 b - a +0 robe (worn)
 c - a +0 cloak (worn)
Wands
 m - a wand of flame (4)
Scrolls
 h - 4 scrolls of identify {unknown}
 i - 2 scrolls of blinking {unknown}
 j - a scroll of enchant armour {unknown}
 k - a scroll of vulnerability {unknown}
Potions
 f - a potion of lignification {unknown}
 g - a potion of degeneration
 l - a potion of curing {unknown}


   Skills:
 - Level 2.1 Fighting
 + Level 4.2 Short Blades
 + Level 3.4 Throwing
 + Level 3.1 Dodging
 + Level 6.4 Stealth


You had 4 spell levels left.
You didn't know any spells.
Your spell library was empty.

Dungeon Overview and Level Annotations

Branches:
Dungeon (2/15)

Altars:

Shops:
D:1 *![

Annotations:
D:2 Sigmund


Innate Abilities, Weirdness & Mutations

You are small and have problems with some larger weapons.
You are completely attuned to the shadows.


Message History

The gnoll is moderately wounded.
The hobgoblin completely misses you. The gnoll barely misses you.
You barely miss the gnoll.
The gnoll is moderately wounded.
The hobgoblin barely misses you. The gnoll barely misses you.
You barely miss the gnoll.
The gnoll is moderately wounded.
The hobgoblin misses you. The gnoll closely misses you.
You hit the gnoll.
The gnoll is moderately wounded.
You hit the gnoll but do no damage.
The gnoll is moderately wounded.
The hobgoblin misses you. The gnoll misses you.
You hit the gnoll but do no damage.
The gnoll is moderately wounded.
The hobgoblin closely misses you. The gnoll completely misses you.
You completely miss the gnoll.
The gnoll is moderately wounded.
The hobgoblin hits you. The gnoll hits you with a +0 flail.
* * * LOW HITPOINT WARNING * * *
You hit the gnoll.
The gnoll is heavily wounded.
The hobgoblin barely misses you. The gnoll closely misses you.
The hobgoblin throws a javelin.
The javelin barely misses you.
You see here a hobgoblin corpse.
The gnoll attacks as it pursues you! The gnoll hits you but does no damage.
You hit the gnoll but do no damage.
The gnoll is heavily wounded.
The gnoll hits you with a +0 flail.
* * * LOW HITPOINT WARNING * * *
You closely miss the gnoll.
The gnoll is heavily wounded.
The gnoll closely misses you.
Unknown command.
It was a potion of degeneration.
There was something very wrong with that liquid.
You feel weakened.
You feel dopey.
You feel clumsy. The gnoll hits you with a +0 flail!
You die...

### #.. #.. #.. #..
############### #..
#..@gg>.......####..
#.####.)#####.......
#.# ##.####....##^.
###.##
#......##..#..
#....#
##########.#..
#....# #...# #.#..
#....# #...# #.###
#....# #...# #..#
###.## #...# ##.##


You could see a gnoll and a hobgoblin.

Vanquished Creatures
  Natasha (thrice) (D:2)
  2 gnolls
  An adder (D:2)
  A ribbon worm (D:2)
  5 ball pythons (D:1)
  6 bats
  2 endoplasms (D:1)
  A giant cockroach (D:2)
  7 goblins
  5 hobgoblins
  6 jackals
  A frilled lizard (D:1)
  7 kobolds
  2 rats (D:1)
49 creatures vanquished.

Notes
Turn   | Place    | Note
-------+----------+-------------------------------------------
     0 | D:1      | Doomgape the Kobold Brigand began the quest for the Orb.
     0 | D:1      | Reached XP level 1. HP: 12/12 MP: 1/1
    54 | D:1      | Found Atutid's Distillery.
    83 | D:1      | Found Lozoq's Armour Boutique.
   147 | D:1      | Reached XP level 2. HP: 17/17 MP: 2/2
   494 | D:1      | Reached XP level 3. HP: 15/21 MP: 3/3
   733 | D:1      | Found Gaedan's General Store.
   816 | D:2      | Found a faded altar of an unknown god.
   881 | D:2      | Noticed Natasha
   885 | D:2      | Killed Natasha
   886 | D:2      | Reached skill level 6 in Stealth
   886 | D:2      | Reached XP level 4. HP: 26/26 MP: 4/4
  1288 | D:2      | Noticed Natasha
  1290 | D:2      | Killed Natasha
  1291 | D:2      | Reached XP level 5. HP: 30/30 MP: 5/5
  1310 | D:2      | Noticed Natasha
  1325 | D:2      | Killed Natasha
  1594 | D:2      | Noticed Sigmund
  1819 | D:1      | Mangled by a gnoll

Illustrated notes

Levels and vault maps discovered:
D:1:      scummos_arrival_star, layout_basic, serial_shops, nicolae_shop_trees,
          shop, shop_fountains
D:2:      layout_rooms, ebering_ecumenical_altar_rust, uniq_natasha,
          uniq_sigmund

Skill      XL: |  1  2  3  4  5 |
---------------+----------------+-----
Short Blades   | 3 4 |  4.2
Dodging        | 2 3 |  3.1
Throwing       | 3 |  3.4
Stealth        | 6 |  6.4
Fighting       | |  2.1

Action                     |  1- 3 |  4- 6 || total
---------------------------+-------+-------++-------
  Melee: Dagger            |    77 |    75 ||   152
         Punch             |       |     1 ||     1
    Use: Scroll            |     1 |       ||     1
         Potion            |       |     2 ||     2
   Stab: Sleeping          |    18 |     5 ||    23
         Distracted        |       |     1 ||     1
 Armour: Robe              |    34 |    41 ||    75
  Dodge: Dodged            |    41 |    65 ||   106
